[Event "Team 45 45 League T54"]
[Site "Internet Chess Club"]
[Date "2012.09.07"]
[Round "4"]
[White "IanT"]
[Black "trifire"]
[Result "0-1"]
[WhiteElo "1522"]
[BlackElo "1413"]
[Opening "Sicilian: Alapin's variation (2.c3)"]
[ECO "B22"]
[Time "21:00:06"]
[TimeControl "2700+45"]

1. e4 c5 2. c3 d6 3. d4 Nf6 4. Bd3 Nc6 5. Nf3 Bg4 6. Be3 Qb6 7. Qb3 cxd4 8. cxd4
Qxb3 9. axb3 Nb4 10. Bb5+ Bd7 11. Bxd7+ Kxd7 12. Kd2 Nxe4+ 13. Kd1 g6 14. Ra4
Nd5 15. Nfd2 Nxe3+ 16. fxe3 Nf2+ 17. Ke2 Nxh1 18. Nc3 Bg7 19. Ra1 e5 20. dxe5
Bxe5 21. Rxh1 Rhc8 22. Nc4 Bxc3 23. bxc3 b5 24. Na3 Rxc3 25. Nxb5 Rxb3 26. Nd4
Rb2+ 27. Kf3 a5 28. Rc1 a4 29. Ra1 a3 30. Ne2 a2 31. Nc3 Kc6 32. g3 Ra3 33. Nd1
Rb1 {White resigns} 0-1

[Event "Team 45 45 League T54"]
[Site "Internet Chess Club"]
[Date "2012.09.06"]
[Round "4"]
[White "chesschessboy"]
[Black "BosqueVerde"]
[Result "1-0"]
[WhiteElo "1351"]
[BlackElo "1181"]
[Opening "Giuoco Piano"]
[ECO "C54"]
[Time "20:02:44"]
[TimeControl "2700+45"]

1. e4 e5 2. Nf3 Nc6 3. Bc4 Bc5 4. c3 Nf6 5. d4 exd4 6. cxd4 Bb4+ 7. Bd2 Nxe4 8.
Bxb4 Nxb4 9. Bxf7+ Kxf7 10. Qb3+ d5 11. Qxb4 Re8 12. O-O Bg4 13. Nbd2 b6 14.
Ne5+ Rxe5 15. dxe5 c5 16. Qa4 Nxd2 17. Qxg4 Nxf1 18. Kxf1 Kg8 19. Re1 Qe8 20. f4
Qb5+ 21. Re2 a5 22. Qe6+ Kf8 23. Qd6+ Ke8 24. Qe6+ Kf8 25. Qxd5 Qe8 26. Qd6+ Kf7
27. Qxb6 Rd8 28. Qxc5 Rd1+ 29. Re1 Rd2 30. e6+ Kg6 31. Qg5# {Black checkmated}
1-0

[Event "Team 45 45 League T54"]
[Site "Internet Chess Club"]
[Date "2012.09.11"]
[Round "4"]
[White "krysto"]
[Black "milesotoole"]
[Result "0-1"]
[WhiteElo "1560"]
[BlackElo "1602"]
[Opening "Budapest: Adler variation"]
[ECO "A52"]
[Time "21:00:34"]
[TimeControl "2700+45"]

1. d4 Nf6 2. c4 e5 3. dxe5 Ng4 4. Nf3 Bc5 5. e3 O-O 6. h3 Nh6 7. Bd3 Nc6 8. a3
a5 9. b3 d6 10. Bb2 dxe5 11. Nxe5 Qf6 12. Qh5 Bd6 13. f4 Re8 14. O-O Bf5 15. e4
Nxe5 16. Qe2 Qh4 17. fxe5 Bc5+ 18. Kh1 Bxh3 19. gxh3 Qxh3+ 20. Qh2 Qxd3 21. Nd2
Rad8 22. Rad1 Re6 23. Qh5 Be3 24. Qf3 Bxd2 25. Qxd3 Rxd3 26. Rf2 Ng4 27. Rfxd2
Rh6+ 28. Kg2 Rh2+ {White resigns} 0-1

[Event "Team 45 45 League T54"]
[Site "Internet Chess Club"]
[Date "2012.09.10"]
[Round "4"]
[White "burnsy"]
[Black "BotanicalKnight"]
[Result "1-0"]
[WhiteElo "1490"]
[BlackElo "1489"]
[Opening "Caro-Kann defense"]
[ECO "B10"]
[Time "20:02:59"]
[TimeControl "2700+45"]

1. e4 c6 2. Nf3 d5 3. e5 Bg4 4. d4 e6 5. h3 Bh5 6. Be2 Qb6 7. Nc3 Nd7 8. Bd2 a6
9. g4 Bg6 10. Na4 Qc7 11. h4 b5 12. Nc3 f6 13. h5 Bf7 14. Bf4 c5 15. Qd2 Ne7 16.
exf6 Qa5 17. fxe7 Bxe7 18. Ne5 Nxe5 19. Bxe5 O-O 20. dxc5 d4 21. Ne4 Qxd2+ 22.
Kxd2 Be8 23. f4 Bc6 24. Bd3 Bd5 25. Rhf1 Rac8 26. Bxd4 Bxe4 27. Bxe4 Bxc5 28.
Bxc5 Rxc5 29. Ke3 a5 30. Rad1 {Black resigns} 1-0

[Event "Team 45 45 League T54"]
[Site "Internet Chess Club"]
[Date "2012.09.10"]
[Round "4"]
[White "Elalfer"]
[Black "Berke"]
[Result "0-1"]
[WhiteElo "1407"]
[BlackElo "1541"]
[Opening "Dutch: Ilyin-Genevsky variation"]
[ECO "A97"]
[Time "10:00:15"]
[TimeControl "2700+45"]

1. d4 e6 2. c4 f5 3. g3 Nf6 4. Bg2 Be7 5. Nf3 O-O 6. O-O d6 7. Nc3 Qe8 8. e3 a5
9. b3 Kh8 10. Bb2 Qh5 11. Nd2 Qh6 12. f4 Ng4 13. h3 Nxe3 14. Qf3 Nxf1 15. Nxf1
Nc6 16. Nb5 Bd8 17. d5 Na7 18. Nc3 Bf6 19. dxe6 Bd4+ 20. Kh1 Qxe6 21. Rd1 Nc6
22. Rd2 Bf6 23. Re2 Qd7 24. Ne3 Nd4 {White resigns} 0-1

[Event "Team 45 45 League T54"]
[Site "Internet Chess Club"]
[Date "2012.09.09"]
[Round "4"]
[White "Iowa-Archer"]
[Black "tamky70"]
[Result "1/2-1/2"]
[WhiteElo "1350"]
[BlackElo "1404"]
[Opening "QGD: semi-Slav, Marshall gambit"]
[ECO "B12"]
[Time "09:30:59"]
[TimeControl "2700+45"]

1. d4 d5 2. e4 c6 3. c4 e6 4. Nc3 Bb4 5. Bd2 Nf6 6. e5 Bxc3 7. exf6 Bxd2+ 8.
Qxd2 Qxf6 9. Nf3 Nd7 10. Qb4 Qe7 11. Qxe7+ Kxe7 12. c5 b6 13. b4 f6 14. Bd3 a5
15. cxb6 Nxb6 16. bxa5 Rxa5 17. O-O Ba6 18. Bxa6 Rxa6 19. Nd2 Rha8 20. Rab1 Kd7
21. Rb2 Kc7 22. Re1 Kd6 23. Reb1 Kc7 24. a4 Nxa4 25. Rb7+ Kd6 26. Rxg7 Nc3 27.
Re1 Ne4 28. Nxe4+ dxe4 29. Rxh7 Ra1 30. Kf1 Rxe1+ 31. Kxe1 Rd8 32. Rh4 f5 33.
Ke2 Rg8 34. g3 Kd5 35. Ke3 c5 36. dxc5 Kxc5 37. Rh7 Kd5 38. Kf4 Rg4+ 39. Ke3 Ke5
40. f3 exf3 41. Kxf3 Rg6 42. h4 Kf6 43. h5 Rg7 44. Rxg7 Kxg7 45. Kf4 Kh6 46. Ke5
Kxh5 47. Kxe6 Kg5 48. Ke5 Kg4 49. Kf6 Kxg3 50. Kxf5 {Game drawn because neither
player has mating material} 1/2-1/2

[Event "Team 45 45 League T54"]
[Site "Internet Chess Club"]
[Date "2012.09.07"]
[Round "4"]
[White "JRussell2"]
[Black "Cicero"]
[Result "1-0"]
[WhiteElo "1441"]
[BlackElo "1329"]
[Opening "Sicilian: Hungarian variation"]
[ECO "B27"]
[Time "16:00:41"]
[TimeControl "2700+45"]

1. e4 c5 2. Nf3 g6 3. d4 cxd4 4. Qxd4 Nf6 5. e5 Nc6 6. Qe3 Nd5 7. Qe2 Nc7 8. Nc3
Bg7 9. Bf4 O-O 10. O-O-O Re8 11. Qd2 Ne6 12. Bg3 d6 13. exd6 exd6 14. Bxd6 Qf6
15. Bg3 Nc5 16. Bb5 Ne4 17. Qe1 Bf5 18. Bh4 g5 19. Bg3 Nxg3 20. Qxe8+ Rxe8 21.
hxg3 Re2 22. Bxe2 Nb4 23. Nd4 a5 24. a3 Nxc2 25. Nxc2 Qb6 26. Bd3 Bxd3 27. Rxd3
Qxf2 28. Rf3 Qxg2 29. Rhf1 f6 30. Ne4 Kf8 31. Nxf6 Kf7 32. Nxh7+ Kg6 33. Nf8+
Kh5 34. Ne6 Kh6 35. Nxg7 Kxg7 36. Ne3 Kg6 37. Nxg2 {Black resigns} 1-0

[Event "Team 45 45 League T54"]
[Site "Internet Chess Club"]
[Date "2012.09.08"]
[Round "4"]
[White "arconia"]
[Black "Just-Jim"]
[Result "1-0"]
[WhiteElo "1363"]
[BlackElo "1381"]
[Opening "Philidor's defense"]
[ECO "C41"]
[Time "12:01:16"]
[TimeControl "2700+45"]

1. e4 e5 2. Nf3 d6 3. b3 Nf6 4. d3 h6 5. Bb2 Nc6 6. Be2 Be7 7. O-O O-O 8. h3 Nh7
9. Nh2 f5 10. f4 fxe4 11. dxe4 exf4 12. Bc4+ Kh8 13. Ng4 Bxg4 14. Qxg4 Nf6 15.
Qf3 Ne5 16. Qc3 Nxc4 17. Qxc4 Nd7 18. Nc3 Ne5 19. Qe2 Bh4 20. Nd5 f3 21. gxf3
Qg5+ 22. Kh1 Qg3 23. Bxe5 Qxh3+ 24. Qh2 Qxh2+ 25. Bxh2 c6 26. Ne3 Bg5 27. Nf5 d5
28. f4 Bd8 29. Ng3 dxe4 30. Nxe4 Bc7 31. f5 Bd8 32. Rad1 b5 33. Rd7 Bb6 34. Be5
Rae8 35. Bxg7+ Kg8 36. Nf6+ Rxf6 37. Bxf6 Kf8 38. Bh4 Re5 39. Bg3 Re2 40. f6 Re3
41. Bd6+ {Black resigns} 1-0

[Event "Team 45 45 League T54"]
[Site "Internet Chess Club"]
[Date "2012.09.10"]
[Round "4"]
[White "kingsrook"]
[Black "lawth3"]
[Result "1-0"]
[WhiteElo "1309"]
[BlackElo "1239"]
[Opening "Queen's pawn: Yusupov-Rubinstein system"]
[ECO "A46"]
[Time "19:00:35"]
[TimeControl "2700+45"]

1. d4 Nf6 2. Nf3 e6 3. e3 c5 4. c3 b6 5. Bd3 cxd4 6. exd4 Bb7 7. Bf4 d6 8. O-O
Be7 9. Re1 O-O 10. Nbd2 Nbd7 11. Qc2 h6 12. h3 a5 13. a4 Ba6 14. c4 Rc8 15. b3
Nd5 16. Bg3 Nb4 17. Qb1 Nxd3 18. Qxd3 d5 19. Rac1 dxc4 20. bxc4 Nc5 21. Qe3 Nxa4
22. Qb3 Qd7 23. Ne5 Qxd4 24. Ndf3 Nc5 25. Qxb6 Qd6 26. Qb1 Rb8 27. Qc2 Rb4 28.
Red1 Qb6 29. Nd7 Nxd7 30. Rxd7 Rxc4 31. Qd2 Bb4 32. Qd1 Rxc1 33. Qxc1 Rd8 34.
Bc7 Rc8 35. Rd8+ Kh7 36. Rxc8 Qb5 37. Rd8 a4 38. Nd4 Qb7 39. Qc2+ g6 40. Rd7 Qc8
41. Rxf7+ Kg8 42. Qxg6+ Kh8 43. Qh7# {Black checkmated} 1-0

[Event "Team 45 45 League T54"]
[Site "Internet Chess Club"]
[Date "2012.09.09"]
[Round "4"]
[White "Macovitski"]
[Black "bowwrestler"]
[Result "1-0"]
[WhiteElo "1182"]
[BlackElo "1212"]
[Opening "French defense"]
[ECO "C11"]
[Time "18:01:35"]
[TimeControl "2700+45"]

1. e4 d5 2. d4 Nf6 3. Nc3 e6 4. Nf3 b6 5. Bg5 Bb7 6. e5 Nbd7 7. exf6 gxf6 8. Be3
e5 9. Bd3 e4 10. Be2 exf3 11. Bxf3 Bb4 12. O-O Qe7 13. Nxd5 Bxd5 14. Bxd5 Rc8
15. c3 Bd6 16. Re1 Bxh2+ 17. Kxh2 Qd6+ 18. Bf4+ Ne5 19. dxe5 fxe5 20. Rxe5+ Kf8
21. Re8+ Rxe8 22. Bxd6+ cxd6 23. Qf3 Re7 24. Qf6 Rg8 25. Qxd6 Rg5 26. Qd8+ Re8
27. Qxg5 Re2 28. Qf6 Ke8 29. Qxf7+ Kd8 30. Bc6 Rd2 31. Re1 Kc8 32. Re8+ Rd8 33.
Rxd8+ Kxd8 34. Qd7# {Black checkmated} 1-0

[Event "Team 45 45 League T54"]
[Site "Internet Chess Club"]
[Date "2012.09.07"]
[Round "4"]
[White "joshq03"]
[Black "Iowa-Archer"]
[Result "1-0"]
[WhiteElo "1430"]
[BlackElo "1347"]
[Opening "Sicilian: Alapin's variation (2.c3)"]
[ECO "B22"]
[Time "19:00:45"]
[TimeControl "2700+45"]

1. e4 c5 2. c3 d6 3. d4 b6 4. Nf3 Nd7 5. Bc4 e6 6. O-O Ngf6 7. Re1 Be7 8. e5
dxe5 9. dxe5 Ng4 10. h3 Nh6 11. Bxh6 gxh6 12. Nbd2 Qc7 13. a3 Bb7 14. b4 O-O-O
15. b5 Bxf3 16. Nxf3 Nxe5 17. Qe2 Nxf3+ 18. Qxf3 Rd2 19. Rad1 Rhd8 20. Rxd2 Rxd2
21. Qxf7 Bh4 22. Qxe6+ Qd7 23. Qg8+ Kc7 24. g3 Qf5 25. Qg7+ Qd7 26. Qxd7+ Kxd7
27. gxh4 Rc2 28. Re3 Kc7 29. Re7+ Kd6 30. Re6+ Kd7 31. Re3 Kc7 32. h5 Kb7 33.
Bd5+ Kc7 34. c4 Rd2 35. Re6 Ra2 36. Rxh6 Rxa3 37. Rxh7+ Kd6 38. Kg2 Ke5 39. Rf7
a5 40. bxa6 Rxa6 41. h6 Ra8 42. Bxa8 {Black resigns} 1-0

[Event "Team 45 45 League T54"]
[Site "Internet Chess Club"]
[Date "2012.09.05"]
[Round "4"]
[White "semperfi"]
[Black "moodle"]
[Result "0-1"]
[WhiteElo "1275"]
[BlackElo "1352"]
[Opening "Queen's pawn game"]
[ECO "D04"]
[Time "19:00:16"]
[TimeControl "2700+45"]

1. d4 d5 2. Nf3 Nf6 3. e3 Nc6 4. c4 Bg4 5. Nc3 e5 6. dxe5 Nxe5 7. Qa4+ Bd7 8.
Qb3 dxc4 9. Qxb7 Bc6 10. Qa6 Bxf3 11. Qb5+ Nfd7 12. gxf3 c6 13. Qa4 Nxf3+ 14.
Ke2 Nde5 15. Qd1 Qd3+ 16. Qxd3 cxd3+ 17. Kd1 d2 18. Bxd2 Rd8 19. Nb1 Nxd2 20.
Nxd2 Bb4 21. Bg2 Rxd2+ 22. Ke1 Rxb2+ 23. Kf1 O-O 24. a3 Ba5 25. Rd1 Rd8 26.
Rxd8+ Bxd8 27. f4 Ng4 28. Bxc6 Nxe3+ {White resigns} 0-1

[Event "Team 45 45 League T54"]
[Site "Internet Chess Club"]
[Date "2012.09.07"]
[Round "4"]
[White "IPWN"]
[Black "RobertBuice"]
[Result "0-1"]
[WhiteElo "1098"]
[BlackElo "1066"]
[Opening "Caro-Kann: exchange variation"]
[ECO "B13"]
[Time "22:23:25"]
[TimeControl "2700+45"]

1. d4 d5 2. e4 c6 3. exd5 Qa5+ 4. Bd2 Qxd5 5. Nf3 Nf6 6. Nc3 Qd8 7. Qe2 Bf5 8.
O-O-O e6 9. g3 Be7 10. Bg2 O-O 11. Ne5 Nbd7 12. Be3 Nxe5 13. dxe5 Nd5 14. f4 Qa5
15. Kb1 Nxc3+ 16. bxc3 Qxc3 17. Rc1 Ba3 18. Bd4 Qb4+ 19. Ka1 Qxd4+ 20. c3 Qb6
21. Rb1 Bxb1 22. Rxb1 Qa5 23. Rb3 Rad8 24. Be4 c5 25. Bxb7 c4 26. Qxc4 Rd1+ 27.
Rb1 Rxb1+ 28. Kxb1 h6 29. g4 Rb8 30. Qc6 Rd8 31. Qc7 {White resigns} 0-1

[Event "Team 45 45 League T54"]
[Site "Internet Chess Club"]
[Date "2012.09.09"]
[Round "4"]
[White "artspir"]
[Black "mc9999"]
[Result "0-1"]
[WhiteElo "1176"]
[BlackElo "1192"]
[Opening "Queen's bishop game"]
[ECO "D02"]
[Time "14:02:08"]
[TimeControl "2700+45"]

1. d4 d5 2. Nf3 Nf6 3. Bf4 c6 4. e3 Qb6 5. b3 Bg4 6. Be2 e6 7. Nc3 Bb4 8. Qd3
Bf5 9. Qd2 Qa5 10. Qc1 Bxc3+ 11. Kf1 Bxc2 12. g3 Bxb3 13. Kg2 Bxa1 14. Qxa1 Qxa2
15. Qc3 Qxe2 16. Qxb3 Ne4 17. Rf1 Qxf3+ 18. Kh3 h6 19. Qxb7 Ng5+ 20. Bxg5 hxg5#
{White checkmated} 0-1

[Event "Team 45 45 League T54"]
[Site "Internet Chess Club"]
[Date "2012.09.09"]
[Round "4"]
[White "Littlemon"]
[Black "Conjurer"]
[Result "1-0"]
[WhiteElo "1258"]
[BlackElo "1508"]
[Opening "Nimzo-Indian: three knights variation"]
[ECO "E21"]
[Time "13:08:51"]
[TimeControl "2700+45"]

1. d4 Nf6 2. c4 e6 3. Nc3 Bb4 4. Nf3 Bxc3+ 5. bxc3 O-O 6. e3 b6 7. Bd3 Bb7 8.
O-O c5 9. Re1 d6 10. Ba3 Ne4 11. Qc2 f5 12. Bxe4 Bxe4 13. Qe2 Nd7 14. Rad1 Nf6
15. dxc5 bxc5 16. Bxc5 Qa5 17. Bxd6 Rfd8 18. Bb4 Qc7 19. Nd4 Ng4 20. g3 Qb7 21.
f3 Rxd4 22. exd4 Bxf3 23. Qxe6+ Qf7 24. Qxf7+ Kxf7 25. Re7+ Kf6 26. Rde1 Be4 27.
d5 Ne5 28. Re6+ {Black resigns} 1-0

[Event "Team 45 45 League T54"]
[Site "Internet Chess Club"]
[Date "2012.09.07"]
[Round "4"]
[White "guyd52"]
[Black "vjbaker"]
[Result "1-0"]
[WhiteElo "1293"]
[BlackElo "1389"]
[Opening "Réti opening"]
[ECO "A04"]
[Time "19:00:44"]
[TimeControl "2700+45"]

1. Nf3 c5 2. d3 Nc6 3. g3 g6 4. Bg2 Bg7 5. O-O d6 6. Nbd2 Nf6 7. e4 O-O 8. Nc4
b5 9. Ne3 Ng4 10. c3 a5 11. a3 Nxe3 12. Bxe3 Bg4 13. Qd2 Qd7 14. d4 c4 15. d5
Ne5 16. Nxe5 dxe5 17. f3 Bh3 18. Rfd1 Bxg2 19. Kxg2 f5 20. Qc2 f4 21. Bc5 Qc7
22. Qf2 fxg3 23. hxg3 Rf7 24. d6 exd6 25. Bxd6 Qc6 26. Rd5 Rd8 27. Rad1 Rfd7 28.
Qc5 Qxc5 29. Bxc5 Rxd5 30. exd5 a4 31. Bb6 Rd6 32. Bc7 Rd7 33. d6 Bf6 34. Rd5
Kf7 35. Rxb5 Bd8 36. Rxe5 Bxc7 37. dxc7 Rxc7 38. Rb5 Rd7 39. Kh3 Rd3 40. Kg4 h5+
41. Kf4 Kf6 42. g4 hxg4 43. fxg4 Rd1 44. Rb6+ Kg7 45. Kg5 Rd5+ 46. Kh4 g5+ 47.
Kh5 Kh7 48. Rh6+ Kg7 49. Rg6+ Kf7 50. Rxg5 Rd2 51. Rb5 Ke6 52. g5 Rh2+ 53. Kg6
Rh8 54. Rc5 Rg8+ 55. Kh5 Rh8+ 56. Kg4 Rb8 57. Rxc4 Rxb2 58. Rxa4 Rb3 59. Rf4
Rxa3 60. c4 Ra7 61. g6 Rg7 62. Kg5 Ke7 63. Kh6 Rg8 64. g7 Rc8 65. Kh7 Rc7 66.
g8=Q Kd6+ 67. Kh8 Re7 68. Qd5+ Kc7 69. Rf7 Rxf7 70. Qxf7+ Kc6 71. Qd5+ Kb6 72.
c5+ Kc7 73. Qd6+ Kb7 74. c6+ Kb6 75. c7+ Ka7 76. Qd7 Kb6 77. Kg8 Kb7 78. c8=Q+
Kb6 79. Qdb7+ Ka5 80. Qca8# {Black checkmated} 1-0

[Event "Team 45 45 League T54"]
[Site "Internet Chess Club"]
[Date "2012.09.08"]
[Round "4"]
[White "MasterD"]
[Black "carolinaknight"]
[Result "1-0"]
[WhiteElo "1123"]
[BlackElo "1147"]
[Opening "French: Winawer, Petrosian variation"]
[ECO "C16"]
[Time "09:01:13"]
[TimeControl "2700+45"]

1. e4 e6 2. d4 d5 3. Nc3 Bb4 4. e5 Qd7 5. Bd2 b6 6. Nf3 Ba6 7. Bxa6 Nxa6 8. O-O
Ne7 9. a3 Bxc3 10. Bxc3 O-O 11. Qd3 Nb8 12. b4 Ng6 13. Bd2 h6 14. b5 Qd8 15. c4
f5 16. cxd5 Qxd5 17. Rac1 Rf7 18. Qc4 Qe4 19. Qxe6 f4 20. Rfe1 Qf5 21. Qxf5 Rxf5
22. Rxc7 a6 23. a4 axb5 24. axb5 Rf7 25. Rxf7 Kxf7 26. e6+ Ke7 27. Bb4+ Ke8 28.
d5 Ra4 29. Bc3 Kf8 30. d6 Rc4 31. d7 Ke7 32. Bxg7 h5 33. Bf6+ Kxf6 34. d8=Q+
{Black resigns} 1-0

[Event "Team 45 45 League T54"]
[Site "Internet Chess Club"]
[Date "2012.09.10"]
[Round "4"]
[White "wekabird"]
[Black "ethan0627"]
[Result "0-1"]
[WhiteElo "1137"]
[BlackElo "1374"]
[Opening "English opening"]
[ECO "A22"]
[Time "20:00:24"]
[TimeControl "2700+45"]

1. c4 e5 2. Nc3 Nf6 3. e4 Nc6 4. d3 Bc5 5. h3 h6 6. Nf3 d6 7. g3 O-O 8. Bg2 b6
9. O-O Bb7 10. a3 a5 11. Na4 Qd7 12. Nxc5 dxc5 13. Be3 Rad8 14. Ne1 Rfe8 15. Kh2
Nd4 16. Bxd4 Qxd4 17. Rb1 Bxe4 18. Bxe4 Nxe4 19. Qf3 Nd2 20. Qd1 Nxf1+ 21. Kg1
Nxg3 22. Qf3 e4 23. Qxg3 exd3 24. Nf3 Qxc4 25. b3 Qc2 26. Re1 d2 27. Rxe8+ Rxe8
28. Nxd2 Qxd2 29. Kg2 Qg5 30. Qxg5 hxg5 31. b4 cxb4 32. axb4 axb4 {White
resigns} 0-1

[Event "Team 45 45 League T54"]
[Site "Internet Chess Club"]
[Date "2012.09.09"]
[Round "4"]
[White "badmove"]
[Black "b-spot"]
[Result "1-0"]
[WhiteElo "1775"]
[BlackElo "1662"]
[Opening "Queen's Indian defense"]
[ECO "E12"]
[Time "17:32:49"]
[TimeControl "2700+45"]

1. d4 Nf6 2. c4 e6 3. Nf3 b6 4. Bg5 Bb7 5. e3 h6 6. Bh4 Be7 7. Nc3 c5 8. Bd3
cxd4 9. exd4 O-O 10. O-O d5 11. Qe2 dxc4 12. Bxc4 Nc6 13. Rad1 a6 14. d5 exd5
15. Nxd5 Nxd5 16. Bxd5 Qc7 17. Bxc6 Bxc6 18. Qxe7 {Black resigns} 1-0

[Event "Team 45 45 League T54"]
[Site "Internet Chess Club"]
[Date "2012.09.10"]
[Round "4"]
[White "Achelous"]
[Black "Helaman"]
[Result "0-1"]
[WhiteElo "1708"]
[BlackElo "1703"]
[Opening "Scotch: Schmidt variation"]
[ECO "C45"]
[Time "21:00:20"]
[TimeControl "2700+45"]

1. e4 e5 2. Nf3 Nc6 3. d4 exd4 4. Nxd4 Nf6 5. Bc4 Nxe4 6. Bxf7+ Kxf7 7. Qh5+ g6
8. Qd5+ Kg7 9. Qxe4 Bb4+ 10. Kd1 d5 11. Ne6+ Bxe6 12. Qxe6 Re8 13. Qh3 Qe7 14.
Bh6+ Kg8 15. Nc3 d4 16. a3 dxc3 17. axb4 Qe2+ 18. Kc1 Qe1+ 19. Rxe1 Rxe1# {White
checkmated} 0-1

[Event "Team 45 45 League T54"]
[Site "Internet Chess Club"]
[Date "2012.09.08"]
[Round "4"]
[White "CKNIGHT3"]
[Black "clarinetref"]
[Result "1-0"]
[WhiteElo "1659"]
[BlackElo "1627"]
[Opening "King's Indian: Sämisch, double fianchetto variation"]
[ECO "E82"]
[Time "22:01:07"]
[TimeControl "2700+45"]

1. d4 Nf6 2. c4 g6 3. Nc3 Bg7 4. e4 d6 5. f3 O-O 6. Be3 b6 7. Qd2 a6 8. O-O-O
Nbd7 9. g4 e5 10. d5 Nc5 11. h4 b5 12. cxb5 axb5 13. Bxb5 Ba6 14. Bxa6 Rxa6 15.
h5 Na4 16. Nge2 Nxc3 17. Nxc3 c6 18. hxg6 fxg6 19. Bh6 Qc7 20. Kb1 cxd5 21. Nxd5
Nxd5 22. Qxd5+ Qf7 23. Bxg7 Kxg7 24. Qxf7+ Rxf7 25. Rd3 Rfa7 26. a3 h6 27. Rhd1
Rd7 28. b4 Rda7 29. Kb2 Rf7 30. b5 Rb6 31. a4 h5 32. gxh5 gxh5 33. Rxd6 Rbb7 34.
Rh1 Rxf3 35. Rxh5 Rf2+ 36. Kb3 Rf3+ 37. Kb4 Re7 38. Rg5+ Kh7 39. Rd5 Rf1 40.
Rgxe5 Rb1+ 41. Kc5 Rc7+ 42. Kb6 Rc4 43. a5 Re1 44. Re7+ Kg6 45. Re6+ Kf7 46.
Rde5 Rec1 47. a6 Rc5 48. Rxc5 Kxe6 49. Rxc1 {Black resigns} 1-0

[Event "Team 45 45 League T54"]
[Site "Internet Chess Club"]
[Date "2012.09.08"]
[Round "4"]
[White "tryanything"]
[Black "houseofcook"]
[Result "1/2-1/2"]
[WhiteElo "1595"]
[BlackElo "1498"]
[Opening "QGD: classical variation (5.Bf4)"]
[ECO "D37"]
[Time "04:59:44"]
[TimeControl "2700+45"]

1. d4 Nf6 2. Nf3 e6 3. c4 d5 4. Nc3 Be7 5. Bf4 O-O 6. e3 c5 7. Be2 dxc4 8. Bxc4
a6 9. dxc5 Bxc5 10. O-O Nc6 11. Qxd8 Rxd8 12. Rfd1 Bd7 13. Ne5 h6 14. Nxd7 Rxd7
15. Rxd7 Nxd7 16. Rd1 Nf6 17. h4 Rd8 18. Rxd8+ Nxd8 19. a3 b5 20. Be2 Nb7 21.
Bf3 Nd6 22. Bxd6 Bxd6 23. Bb7 b4 24. axb4 Bxb4 25. Bxa6 Kf8 26. g3 Ke7 27. Bd3
Kd6 28. f3 Nd5 29. Nxd5 Kxd5 30. Kf2 f6 31. b3 e5 32. Bc4+ {Game drawn by mutual
agreement} 1/2-1/2

[Event "Team 45 45 League T54"]
[Site "Internet Chess Club"]
[Date "2012.09.12"]
[Round "4"]
[White "Grenadier"]
[Black "LittleButton"]
[Result "0-1"]
[WhiteElo "1710"]
[BlackElo "1786"]
[Opening "Sicilian: closed"]
[ECO "B23"]
[Time "18:04:04"]
[TimeControl "2700+45"]

1. e4 c5 2. Nc3 e6 3. f4 g6 4. Nf3 Bg7 5. d3 Nc6 6. Be3 Nge7 7. Bxc5 d6 8. Be3
O-O 9. Be2 d5 10. Bc5 d4 11. Bxe7 Qxe7 12. Nb1 b5 13. Nbd2 Qc7 14. e5 f5 15. a4
bxa4 16. Rxa4 Bd7 17. Rc4 Qb6 18. Nb3 Rfd8 19. O-O a5 20. Kh1 Bh6 21. Nfxd4 Nxd4
22. Nxd4 Qxb2 23. h4 a4 24. Qa1 a3 25. Rb1 Qxa1 26. Rxa1 Bxf4 27. Nxe6 Bxe5 28.
Nxd8 Bxa1 29. Bf3 Rxd8 30. Bd5+ Kf8 31. Rc7 Bd4 32. c3 Be5 33. Ra7 Bd6 34. c4
Rb8 35. g3 Ke8 36. d4 Rb1+ 37. Kg2 Rb2+ 38. Kf3 a2 39. c5 Bc7 40. Bxa2 Bc6+ 41.
d5 Rxa2 42. Rxc7 Bxd5+ 43. Kf4 Re2 44. Rxh7 Re7 45. Rh8+ Kd7 46. Kg5 Be4 47. Rf8
Re6 48. Kf4 Bd3 49. Ra8 Re4+ 50. Kf3 Be2+ 51. Kf2 Bh5 52. Ra6 Re2+ 53. Kf1 Rc2
54. Rd6+ Kc7 55. Rf6 Rxc5 56. Kf2 Rc6 57. Rf7+ Kb6 58. Ke3 Kc5 59. Rf8 Re6+ 60.
Kd3 Re2 61. Rc8+ Kb6 62. Rc3 Rf2 63. Kd4 Rf3 64. Rxf3 Bxf3 65. Ke5 Bh5 66. Kd6
Bg4 67. Ke6 Kc6 68. Kf6 Bh5 69. Ke5 Kd7 70. Kd5 Ke7 71. Ke5 Bg4 72. Kd5 Kf6 73.
Kd6 Bf3 74. Kd7 Ke5 75. Ke7 Ke4 76. Kf6 Bh5 77. Kg5 Kf3 {White resigns} 0-1

[Event "Team 45 45 League T54"]
[Site "Internet Chess Club"]
[Date "2012.09.08"]
[Round "4"]
[White "Skeptic1972"]
[Black "zepled37"]
[Result "0-1"]
[WhiteElo "1638"]
[BlackElo "1572"]
[Opening "Sicilian: Grand Prix attack"]
[ECO "B23"]
[Time "13:03:52"]
[TimeControl "2700+45"]

1. e4 c5 2. Nc3 Nc6 3. f4 e6 4. Nf3 Nge7 5. d3 g6 6. Be3 b6 7. g3 Bg7 8. Rb1 d5
9. exd5 exd5 10. d4 O-O 11. dxc5 d4 12. Bxd4 Nxd4 13. Nxd4 {White resigns} 0-1

[Event "Team 45 45 League T54"]
[Site "Internet Chess Club"]
[Date "2012.09.08"]
[Round "4"]
[White "GoIrish"]
[Black "Xanther"]
[Result "0-1"]
[WhiteElo "1553"]
[BlackElo "1598"]
[Opening "Réti opening"]
[ECO "A05"]
[Time "21:01:42"]
[TimeControl "2700+45"]

1. Nf3 Nf6 2. g3 d5 3. Bg2 Nc6 4. O-O e5 5. d3 Bf5 6. Nbd2 Be7 7. c4 d4 8. a3 a5
9. b3 Qd7 10. Ng5 h6 11. Nge4 Nxe4 12. Nxe4 h5 13. h4 Bh3 14. f4 Bxg2 15. Kxg2
f5 16. Ng5 Bxg5 17. fxg5 O-O 18. e4 fxe4 19. Rxf8+ Rxf8 20. dxe4 Qf7 21. Ra2 Ne7
22. a4 c5 23. Qe1 Qf3+ 24. Kg1 Nc6 25. Rg2 Nb4 26. Bd2 Qxb3 27. Qe2 g6 28. g4
Qb1+ 29. Kh2 Rf1 30. gxh5 Rh1+ 31. Kg3 Qb3+ 32. Be3 Nc2 33. hxg6 Nxe3 34. h5
Nxg2+ 35. Kxg2 Qh3+ {White resigns} 0-1

[Event "Team 45 45 League T54"]
[Site "Internet Chess Club"]
[Date "2012.09.06"]
[Round "4"]
[White "N3QW"]
[Black "BrerRabbit"]
[Result "0-1"]
[WhiteElo "1382"]
[BlackElo "1490"]
[Opening "Pirc: classical (two knights) system"]
[ECO "B08"]
[Time "10:45:51"]
[TimeControl "2700+45"]

1. e4 d6 2. d4 Nf6 3. Nc3 g6 4. Nf3 Bg7 5. Bc4 Nc6 6. h3 O-O 7. O-O Nxe4 8.
Bxf7+ Rxf7 9. Nxe4 d5 10. Nc5 Qd6 11. Re1 Nxd4 12. Nxb7 Nxf3+ 13. gxf3 Bxb7 14.
c3 e5 15. Qb3 Qb6 16. Qxb6 axb6 17. Kh2 Rxf3 18. Kg2 Raf8 {White resigns} 0-1

[Event "Team 45 45 League T54"]
[Site "Internet Chess Club"]
[Date "2012.09.09"]
[Round "4"]
[White "room-matt"]
[Black "SymbolicJester"]
[Result "1-0"]
[WhiteElo "1817"]
[BlackElo "1800"]
[Opening "Richter-Veresov attack"]
[ECO "D01"]
[Time "14:00:37"]
[TimeControl "2700+45"]

1. d4 d5 2. Nc3 Nf6 3. Bg5 e6 4. e3 Be7 5. Bd3 Nbd7 6. Nf3 O-O 7. O-O h6 8. Bf4
c5 9. Nb5 a6 10. Bc7 Qe8 11. Nd6 Bxd6 12. Bxd6 c4 13. Be2 b5 14. Bxf8 Qxf8 15.
b3 Nb6 16. Ne5 Ne4 17. Bf3 f6 18. Bxe4 fxe5 19. Bf3 e4 20. Bg4 Qf7 21. f3 exf3
22. Bxf3 Qg6 23. Bh5 Qg5 24. Qf3 Kh7 25. e4 Bb7 26. e5 Qd2 27. Qf7 Qxd4+ 28. Kh1
Rg8 29. Bg6+ Kh8 30. Qxb7 cxb3 31. axb3 Nc8 32. Rxa6 Qxe5 33. Qd7 Qe2 34. Bd3
Qe3 35. Rxe6 Qg5 36. Qf7 {Black resigns} 1-0